 Dungeon Crawl Stone Soup version 0.19-a0-1908-g43c011f (webtiles) character file.

39 Kaname the Magician (level 3, 0/24 HPs)
             Began as a High Elf Wanderer on Oct 22, 2016.
             Succumbed to an adder's poison
             ... on level 1 of the Dungeon.
             The game lasted 00:06:41 (1917 turns).

Kaname the Magician (High Elf Wanderer)             Turns: 1917, Time: 00:06:42

Health: 0/24       AC:  3    Str: 10    XL:     3   Next: 26%
Magic:  6/9        EV: 11    Int: 20    God:
Gold:   50         SH:  0    Dex: 17    Spells: 2 memorised, 5 levels left

rFire  . . .     SeeInvis .     e - +0 dagger
rCold  . . .     Gourm    .     d - +0 robe
rNeg   . . .     Faith    .     (no shield)
rPois  .         Spirit   .     g - +0 helmet
rElec  .         Reflect  .     (no cloak)
rCorr  .         Harm     .     (no gloves)
MR     .....                    (no boots)
Stlth  ++........               (no amulet)
                                (no ring)
                                (no ring)

@: brilliant, lethally poisoned (0 -> -3), very slightly contaminated
A: no striking features
a: no special abilities


You were on level 1 of the Dungeon.
You were not hungry.

You visited 1 branch of the dungeon, and saw 2 of its levels.

You collected 50 gold pieces.

Inventory:

Hand Weapons
 e - a +0 dagger (weapon)
Armour
 d - a +0 robe (worn)
 g - a +0 helmet (worn)
Scrolls
 c - a scroll of teleportation
 h - 2 scrolls of blinking {unknown}
 i - 2 scrolls of identify {unknown}
 k - 2 scrolls of remove curse {unknown}
 m - 2 scrolls of recharging {unknown}
 n - a scroll of amnesia {unknown}
Potions
 j - a potion of degeneration {unknown}
 l - a potion of mutation {unknown}
 o - a potion of brilliance
Books
 a - a book of Minor Magic

   Spells                             Type                      Level
   a - Magic Dart                     Conjuration                  1
   b - Blink                          Translocation                2
   c - Call Imp                       Summoning                    2
   d - Repel Missiles                 Charms/Air                   2
   e - Slow                           Hexes                        2
   f - Conjure Flame                  Conjuration/Fire             3
   g - Mephitic Cloud                 Conjuration/Poison/Air       3
 b - the Compendium of the Frostbite

   Spells                             Type                      Level
   a - Throw Frost                    Conjuration/Ice              2
   b - Ensorcelled Hibernation        Hexes/Ice                    2
Comestibles
 f - a bread ration
 p - a chunk of flesh


   Skills:
 - Level 2.2 Fighting
 - Level 1.0 Throwing
 - Level 1.1 Stealth
 - Level 3.6 Spellcasting
 + Level 1.7 Hexes
   Level 1.2 Charms
 - Level 3.2 Translocations
 - Level 1.0 Ice Magic


You had 5 spell levels left.
You knew the following spells:

 Your Spells              Type           Power        Failure   Level  Hunger
a - Blink                 Tloc           N/A          1%          2    ##.....
b - Ensorcelled Hibernat  Hex/Ice        ###...       1%          2    ##.....


Dungeon Overview and Level Annotations

Branches:
Dungeon (2/15)

Altars:


Message History

A rat comes into view.
* * * LOW HITPOINT WARNING * * *
You feel sick.
* * * LOW HITPOINT WARNING * * *
You feel sick.
You start resting.
* * * LOW HITPOINT WARNING * * *
You feel sick.
You start resting.
You feel sick.
A kobold comes into view.
Casting: Blink
Confirm with . or Enter, or press ? or * to list all spells.
Okay, then.
The kobold shouts!
The kobold throws a stone.
The stone hits you.
* * * LOW HITPOINT WARNING * * *
It was a potion of brilliance.
You feel clever all of a sudden.
You die...

#.# ### #.####
######....####
#............######
#..........(#......
#...........#.###..
#...........#.# #..
#...........#.# #..
##@......K..#.# #..
########..###.# #..
#.........###.# ###
#.#.....r...#.# #
#.#.####.##.#.# #
#.#......##.#.# #
#.#..#....#.#.# #
#.#..#.##.....# #
###.............###
#


You could see a kobold.

Vanquished Creatures
  An adder (D:2)
  2 oozes (D:1)
  A giant cockroach (D:1)
  4 goblins
  2 hobgoblins (D:1)
  A bat (D:1)
  2 frilled lizards
  5 kobolds
  5 rats
23 creatures vanquished.

Notes
Turn   | Place    | Note
-------+----------+-------------------------------------------
     0 | D:1      | Kaname the High Elf Wanderer began the quest for the Orb.
     0 | D:1      | Kaname set off with: a book of Minor Magic, the Compendium of the Frostbite, a scroll of teleportation, a +0 robe, a +0 dagger, a bread ration
     0 | D:1      | Reached XP level 1. HP: 11/11 MP: 6/6
     0 | D:1      | Identified the Compendium of the Frostbite
   286 | D:1      | Reached skill level 1 in Fighting
   428 | D:1      | Reached XP level 2. HP: 14/19 MP: 7/7
   509 | D:1      | Learned a level 2 spell: Blink
   512 | D:1      | Learned a level 2 spell: Ensorcelled Hibernation
  1239 | D:1      | Reached skill level 1 in Hexes
  1675 | D:2      | Reached XP level 3. HP: 18/24 MP: 3/9
  1916 | D:1      | HP: 1/24 [kobold/stone (3)]
  1917 | D:1      | Succumbed to an adder's poison

Vault maps used:
D:1:      nagdon_arrival_zigzag_paths, serial_aquarium,
          aquarium_bridge_long_separate, aquarium_window_corner,
          aquarium_window_corridor_1, aquarium_view_2e, aquarium_balcony_3b,
          aquarium_pool_corner
D:2:      uniq_natasha

Skill      XL: |  1  2 |
---------------+-------+-----
Fighting       | 1 2 |  2.2
Hexes          | 1 |  1.7
Throwing       | |  1.0
Stealth        | |  1.1
Spellcasting   | |  3.6
Charms         | |  1.2
Translocations | |  3.2
Ice Magic      | |  1.0

Action                   || total
-------------------------++-------
Melee: Dagger            ||   110
 Cast: Ensorcelled Hiber ||     3
  Use: Scroll            ||     1
       Potion            ||     1
 Stab: Sleeping          ||     6
       Distracted        ||     1
  Eat: Chunk             ||     3
Armor: Robe              ||    18
Dodge: Dodged            ||    53
